 Dungeon Crawl Stone Soup version 0.22-a0-406-g9ff8d77 (webtiles) character file.

95981 robertstho the Severer (level 15, -1/204 HPs)
             Began as a Red Draconian Berserker on May 7, 2018.
             Was a High Priest of Trog.
             Succumbed to a halberd of venom's poison
             ... on level 1 of the Elven Halls on May 8, 2018.
             The game lasted 01:06:38 (25777 turns).

robertstho the Severer (Red Draconian Berserker)   Turns: 25777, Time: 01:06:39

Health: -1/204     AC: 19    Str: 24    XL:     15   Next: 67%
Magic:  15/15      EV: 20    Int: 11    God:    Trog [*****.]
Gold:   1276       SH:  6    Dex: 16    Spells: 14/14 levels left

rFire    + + .     SeeInvis .   Y - +8 executioner's axe of Strategic Superiority {elec, MR++ Int+2}
rCold    . . .     Gourm    .   (shield currently unavailable)
rNeg     . . .     Faith    .   (armour unavailable)
rPois    .         Spirit   .   P - +2 hat
rElec    .         Reflect  +   A - scarf {repulsion}
rCorr    .         Harm     .   (no gloves)
MR       +++..                  K - +2 pair of boots
Stlth    ..........             Z - +6 amulet of reflection
HPRegen  0.44/turn              y - ring of protection from fire
MPRegen  0.14/turn              M - +5 ring of protection

@: berserking, lethally poisoned (-1 -> -66), repel missiles, very quick
A: breathe fire, unfitting armour, fire resistance 1, cold-blooded, AC +9
a: Breathe Fire, Berserk, Trog's Hand, Brothers in Arms, Renounce Religion


You were on level 1 of the Elven Halls.
You worshipped Trog.
Trog was extremely pleased with you.
You were not hungry.

You visited 4 branches of the dungeon, and saw 22 of its levels.
You also visited: Sewer.

You collected 2019 gold pieces.
You spent 743 gold pieces at shops.

Inventory:

Hand Weapons
 q - a +1 vampiric hand axe
 r - a +0 blowgun
 C - the +9 flail "Kaeticoa" {freeze, *Noise Str+2 SInv}
   (You found it on level 6 of the Dungeon)

   It has been specially enchanted to freeze those struck by it, causing extra
   injury to most foes and up to half again as much damage against particularly
   susceptible opponents.
   It can also slow down cold-blooded creatures.
   It affects your strength (+2).
   It lets you see invisible.
   It may make noises in combat.
 I - a +2 war axe of flaming
 R - a +4 broad axe of freezing
 W - a +3 antimagic broad axe
 Y - the +8 executioner's axe of Strategic Superiority (weapon) {elec, MR++ Int+2}
   (Trog gifted it to you on level 6 of the Lair of Beasts)

   Occasionally, upon striking a foe, it will discharge some electrical energy
   and cause terrible harm.
   It affects your intelligence (+2).
   It affects your resistance to hostile enchantments.
Missiles
 o - 7 javelins (quivered)
 s - 37 poisoned needles
 z - 4 poisoned javelins
Armour
 A - a scarf of repulsion (worn)
 K - a +2 pair of boots (worn)
 P - a +2 hat (worn)
 V - a +0 large shield
Jewellery
 d - the amulet "Ilunegas" {Reflect Str+3 Int+4 Dex-5 SH+2 Stlth+}
   (You acquired it on level 1 of the Lair of Beasts)

   [amulet of reflection]

   It shields you and reflects attacks.
   It affects your strength (+3).
   It affects your intelligence (+4).
   It affects your dexterity (-5).
   It affects your SH (+2).
   It makes you more stealthy.
 k - the ring "Moret" {Ice Int+2}
   (You acquired it on level 1 of the Lair of Beasts)

   [ring of ice]

   It enhances your ice magic.
   It affects your intelligence (+2).
   It makes you vulnerable to fire.
   It protects you from cold.
 y - a ring of protection from fire (left hand)
 H - an uncursed ring of resist corrosion
 M - a +5 ring of protection (right hand)
 T - an uncursed ring of flight
 X - an uncursed ring of ice
 Z - a +6 amulet of reflection (around neck)
Wands
 G - a wand of disintegration (11)
 Q - a wand of paralysis (44)
 S - a wand of iceblast (20)
Scrolls
 a - 2 scrolls of fear
 c - 4 scrolls of enchant armour
 f - 12 scrolls of teleportation
 i - 21 scrolls of remove curse
 j - 5 scrolls of magic mapping
 l - 2 scrolls of fog
 m - 3 scrolls of summoning
 n - a scroll of blinking
 v - 2 scrolls of brand weapon
 w - 8 scrolls of enchant weapon
 B - 7 scrolls of identify
 L - a scroll of silence
Potions
 e - 5 potions of might
 g - 12 potions of curing
 p - 5 potions of flight
 t - 9 potions of agility
 u - 6 potions of heal wounds
 D - 2 potions of lignification
 E - 2 potions of resistance
 F - a potion of haste
 N - 4 potions of invisibility
 O - a potion of ambrosia
Comestibles
 b - 29 rations


   Skills:
 + Level 13.5 Fighting
 + Level 17.5(18.1) Axes
 + Level 8.6(14.1) Maces & Flails
   Level 1.8(5.7) Staves
 + Level 10.6 Dodging
 + Level 8.2 Stealth
 + Level 8.8 Shields


You had 14 spell levels left.
You didn't know any spells.

Dungeon Overview and Level Annotations

Branches:
Dungeon (13/15)            Temple (0/1) D:7            Lair (6/6) D:11
 Shoals (0/4) Lair:4       Spider (0/4) Lair:4        Slime (0/5) Lair:6
    Orc (2/2) D:9             Elf (1/3) Orc:2
 Vaults: D:13-14

Altars:
Cheibriados
Dithmenos
Elyvilon
Fedhas
Gozag
Hepliaklqana
Makhleb
Nemelex Xobeh
Qazlal
Trog
Vehumet
Xom
Zin
Beogh
Jiyva

Shops:
D:4 [[![   D:8 *   D:9 *   D:13 ?   Orc:2 :([*

Annotations:
D:4 275 crude shield


Innate Abilities, Weirdness & Mutations

You can breathe blasts of fire.
Your fiery red scales are hard. (AC +9)
You cannot fit into any form of body armour.
Your flesh is heat resistant. (rF+)
You are cold-blooded and may be slowed by cold attacks.


Message History

You feel very sick. The halberd of venom hits you.
* * * LOW HITPOINT WARNING * * *
You miss the halberd of venom.
The halberd of venom is severely damaged.
* * * LOW HITPOINT WARNING * * *
You feel very sick. The halberd of venom hits you!
* * * LOW HITPOINT WARNING * * *
You are more poisoned.
You miss the halberd of venom.
Your tail-slap misses the halberd of venom.
The halberd of venom is severely damaged.
* * * LOW HITPOINT WARNING * * *
You feel very sick.
The halberd of venom hits you but does no damage.
You are more poisoned.
You barely miss the halberd of venom.
The halberd of venom is heavily damaged.
You die...

.......#####.........# #....
........'..'.........# ##'..
........####.........# ##.###
........# #.........# ##.##
.......## ##.......## ##.####
#.....## ##'#.....## #.....#
##.).## ##.####'### ####...##
##+# ##.## #.# #........ #. ##.##
#@# ####........ #. ##.## #(#
##.#......... ###'###.## #.#
##.......8#8.. #.....'##
##'###.#......###.. .......#
##...#'##......8#8..
.......#######.....#####.........
.......'.....'.....# ##...._...
...>..)#######.....# #........
.......# ##...## ##....)).


You could see a halberd of venom.

Vanquished Creatures
  A stone giant (Orc:2)
  The ghost of CanOfBees the Severer, a journeyman MiBe of Trog (Lair:3)
  A deep elf death mage (Elf:1)
  3 ettins
  A deep elf high priest (Elf:1)
  Erolcha (D:9)
  3 hydras (Lair:5)
  A catoblepas (Lair:6)
  Erica (D:9)
  3 two-headed ogres
  4 dancing weapons (Elf:1)
  The ghost of DarkwingDuck the Fighter, a novice OgBe of Trog (D:7)
  16 death yaks
  2 deep elf knights (Elf:1)
  An unseen horror (D:13)
  7 deep elf archers (Elf:1)
  An orc knight (D:9)
  An orc sorcerer (Orc:1)
  2 lindwurms
  2 ugly things
  9 cyclopes
  A wolf spider (D:12)
  4 manticores
  27 deep elf magi
  13 elephants
  The ghost of Pugs23 the Sneak, a novice KoCj of Sif Muna (D:5)
  2 black mambas
  5 torpor snails (Lair:6)
  9 spiny frogs
  2 rime drakes
  5 komodo dragons
  A merfolk (D:12)
  3 polar bears (Lair:6)
  A jumping spider (Lair:4)
  4 trolls
  A harpy skeleton (D:13)
  6 hornets
  3 blink frogs (Lair:6)
  6 hippogriffs
  9 dream sheep
  A meliai zombie (D:13)
  Sigmund (D:6)
  42 yaks
  A shadow (D:13)
  22 spriggans
  3 water elementals (Elf:1)
  A wraith (D:10)
  A wyvern (Lair:5)
  8 basilisks
  2 fire elementals (Elf:1)
  2 hungry ghosts (D:11)
  A warg (Orc:2)
  Edmund (D:6)
  An acid dragon (D:11)
  A soldier ant (D:10)
  12 water moccasins
  9 porcupines
  A hell hound (D:11)
  8 orc warriors
  4 black bears (Lair:6)
  An ice beast (D:10)
  5 sky beasts
  2 phantoms (D:5)
  A black bear (shapeshifter) (D:13)
  28 wolves
  7 ogres
  4 boggarts (Lair:6)
  8 centaurs
  12 crocodiles
  3 big kobolds
  3 earth elementals (Elf:1)
  11 bullfrogs
  A gnoll sergeant (D:11)
  A water moccasin skeleton (D:8)
  3 scorpions
  6 killer bees (D:13)
  3 wights (D:12)
  5 howler monkeys
  An electric eel (Lair:4)
  2 centaur zombies (D:8)
  5 crimson imps
  3 bullfrog zombies
  6 hounds
  9 orc priests
  A quasit (D:11)
  3 bullfrog skeletons
  5 centaur skeletons
  3 jellies
  Jessica (D:3)
  21 orc wizards
  Terence (D:3)
  9 worker ants
  2 hound skeletons
  13 gnolls
  9 adders
  A howler monkey skeleton (D:6)
  7 river rats (Sewer)
  4 shadow imps
  An ooze (D:1)
  An adder zombie (D:9)
  3 worms (D:3)
  3 dart slugs
  8 leopard geckos
  45 orcs
  9 ball pythons
  7 bats
  8 giant cockroaches
  7 goblins
  6 hobgoblins
  5 jackals
  32 kobolds
  3 quokkas
  7 frilled lizards
  A jackal skeleton (D:4)
  A leopard gecko zombie (D:5)
  A quokka zombie (D:6)
  22 rats
  3 fungi
  7 plants
677 creatures vanquished.

Vanquished Creatures (collateral kills)
  A catoblepas (D:13)
  A dancing weapon (Elf:1)
  5 death yaks
  A cyclops (D:12)
  A hornet (D:13)
  A fire elemental (Elf:1)
  3 yaks
  2 orc warriors (D:9)
  A crocodile (D:7)
  A bullfrog (D:7)
  A crimson imp (D:12)
  3 orc priests (D:9)
  An orc wizard (D:7)
  A shadow imp (D:9)
  10 orcs (D:9)
33 creatures vanquished.

Vanquished Creatures (others)
  7 fungi
  4 plants
11 creatures vanquished.

Grand Total: 721 creatures vanquished

Notes
Turn   | Place    | Note
-------+----------+-------------------------------------------
     0 | D:1      | robertstho the Draconian Berserker began the quest for the Orb.
     0 | D:1      | Reached XP level 1. HP: 19/19 MP: 1/1
   146 | D:1      | Reached XP level 2. HP: 26/26 MP: 2/2
   670 | D:2      | Reached XP level 3. HP: 28/33 MP: 3/3
   790 | D:2      | Reached ** piety under Trog
   835 | D:2      | Reached XP level 4. HP: 13/40 MP: 4/4
   986 | D:2      | Found a sparkling altar of Nemelex Xobeh.
  1378 | D:3      | Found a snail-covered altar of Cheibriados.
  1459 | D:3      | Noticed Terence
  1468 | D:3      | Killed Terence
  1468 | D:3      | Reached skill level 4 in Axes
  1543 | D:3      | Found a glowing drain.
  1565 | Sewer    | Entered a sewer
  1586 | Sewer    | Reached XP level 5. HP: 34/46 MP: 5/5
  1867 | Sewer    | Reached skill level 1 in Shields
  2167 | Sewer    | Reached XP level 6. HP: 52/53 MP: 6/6
  2194 | Sewer    | Reached *** piety under Trog
  2542 | D:3      | Noticed Jessica
  2549 | D:3      | Killed Jessica
  2549 | D:3      | Reached skill level 5 in Axes
  2874 | D:3      | Received a gift from Trog
  2897 | D:3      | Found a radiant altar of Vehumet.
  2901 | D:3      | Found a snail-covered altar of Cheibriados.
  2904 | D:3      | Found a shadowy altar of Dithmenos.
  3150 | D:3      | Reached skill level 1 in Stealth
  3652 | D:4      | Reached skill level 5 in Fighting
  3652 | D:4      | Your scales start taking on a fiery red colour.
  3652 | D:4      | Reached XP level 7. HP: 61/61 MP: 7/7
  3652 | D:4      | Gained mutation: Your flesh is heat resistant. (rF+) [Red Draconian growth]
  3867 | D:4      | Reached **** piety under Trog
  3879 | D:4      | Reached skill level 6 in Axes
  4102 | D:4      | Found Siphi's Antique Armour Shoppe.
  4128 | D:4      | Found Yvyo's Antique Armour Emporium.
  4166 | D:4      | Found Uppiakk's Armour Shoppe.
  4412 | D:4      | Found Tyilacrest's Distillery.
  4421 | D:4      | Bought a potion of curing for 30 gold pieces
  4421 | D:4      | Bought a potion of degeneration for 10 gold pieces
  4421 | D:4      | Bought a potion of flight for 30 gold pieces
  4421 | D:4      | Bought a potion of heal wounds for 50 gold pieces
  4421 | D:4      | Bought a potion of heal wounds for 50 gold pieces
  4488 | D:4      | Found a burning altar of Makhleb.
  4636 | D:5      | Entered Level 5 of the Dungeon
  4829 | D:5      | Noticed Pugs23's ghost (novice KoCj)
  4844 | D:5      | Killed Pugs23's ghost
  4844 | D:5      | Reached skill level 7 in Axes
  4844 | D:5      | Reached skill level 5 in Dodging
  4844 | D:5      | Reached XP level 8. HP: 70/70 MP: 8/8
  5151 | D:5      | Reached skill level 8 in Axes
  5394 | D:5      | Found a hazy altar of Hepliaklqana.
  5395 | D:5      | Found a shimmering altar of Xom.
  5396 | D:5      | Noticed a spectral ugly thing
  5877 | D:6      | Reached XP level 9. HP: 71/77 MP: 9/9
  5914 | D:6      | Found a blossoming altar of Fedhas.
  5986 | D:6      | Got a pitted flail
  5987 | D:6      | Identified the +9 flail "Kaeticoa" {freeze, *Noise Str+2 SInv} (You found it on level 6 of the Dungeon)
  6098 | D:6      | Found a stormy altar of Qazlal.
  6473 | D:6      | Noticed Sigmund
  6475 | D:6      | Noticed Edmund
  6484 | D:6      | Killed Edmund
  6487 | D:6      | Killed Sigmund
  6789 | D:7      | Found a sparkling altar of Nemelex Xobeh.
  6852 | D:7      | Reached skill level 1 in Maces & Flails
  6863 | D:7      | Found a staircase to the Ecumenical Temple.
  6950 | D:7      | Reached ***** piety under Trog
  7012 | D:7      | Noticed DarkwingDuck's ghost (novice OgBe)
  7026 | D:7      | Killed DarkwingDuck's ghost
  7026 | D:7      | Reached skill level 9 in Axes
  7038 | D:7      | Found an opulent altar of Gozag.
  7611 | D:7      | Found a glowing silver altar of Zin.
  7775 | D:7      | Found a white marble altar of Elyvilon.
  7940 | D:8      | Reached skill level 5 in Maces & Flails
  8056 | D:8      | Reached XP level 10. HP: 86/86 MP: 10/10
  8394 | D:8      | Found Bete's Assorted Antiques.
  8406 | D:8      | Bought a runed hat for 238 gold pieces
  8654 | D:9      | Found Juehipse's Assorted Antiques.
  8663 | D:9      | Bought a scroll of identify for 50 gold pieces
  8795 | D:9      | Noticed Erica
  8795 | D:9      | Noticed Erolcha
  8804 | D:9      | Killed Erolcha
  8814 | D:9      | Killed Erica
  8814 | D:9      | Received a gift from Trog
  8814 | D:9      | Reached skill level 5 in Stealth
  8874 | D:9      | Found a roughly hewn altar of Beogh.
  8877 | D:9      | Found a staircase to the Orcish Mines.
  9272 | D:9      | Noticed a two-headed ogre
  9275 | D:9      | Killed a two-headed ogre
  9485 | D:9      | You fall through a shaft for 3 floors!
  9502 | D:12     | Reached XP level 11. HP: 73/94 MP: 11/11
  9818 | D:11     | Found a staircase to the Lair.
  9820 | D:11     | Noticed a two-headed ogre
  9839 | D:11     | Killed a two-headed ogre
 10321 | D:11     | Noticed a purple ugly thing
 10337 | D:11     | Killed a purple ugly thing
 10377 | D:11     | Reached skill level 10 in Axes
 10534 | D:11     | Found a burning altar of Makhleb.
 10943 | D:12     | Noticed a wolf spider
 10949 | D:12     | Killed a wolf spider
 11466 | D:12     | Noticed a two-headed ogre
 11479 | D:12     | Killed a two-headed ogre
 11813 | D:12     | Upgraded the game from 0.22-a0-402-ga933591 to 0.22-a0-406-g9ff8d77
 11898 | D:13     | Paralysed by a hornet for 1 turns
 11923 | D:13     | Reached skill level 11 in Axes
 12211 | D:13     | Noticed a deep elf mage
 12219 | D:13     | Killed a deep elf mage
 12219 | D:13     | Received a gift from Trog
 12282 | D:13     | Noticed a deep elf mage
 12295 | D:13     | Killed a deep elf mage
 12295 | D:13     | Reached XP level 12. HP: 90/106 MP: 12/12
 12735 | D:13     | Found Fedosmocw's Magic Scroll Boutique.
 12740 | D:13     | Bought a scroll of identify for 26 gold pieces
 12740 | D:13     | Bought a scroll of vulnerability for 97 gold pieces
 12740 | D:13     | Bought a scroll of teleportation for 39 gold pieces
 12740 | D:13     | Bought a scroll of identify for 26 gold pieces
 12740 | D:13     | Bought a scroll of immolation for 45 gold pieces
 12740 | D:13     | Bought a scroll of identify for 26 gold pieces
 12740 | D:13     | Bought a scroll of identify for 26 gold pieces
 12909 | D:13     | Noticed a catoblepas
 12926 | D:13     | Killed a catoblepas
 13186 | D:13     | Reached skill level 5 in Shields
 13298 | D:13     | Reached skill level 10 in Fighting
 13665 | Lair:1   | Entered Level 1 of the Lair of Beasts
 13874 | Lair:1   | Identified 2 scrolls of acquirement
 13877 | Lair:1   | Got a wavering copper amulet
 13877 | Lair:1   | Got an ancient glass ring
 13879 | Lair:1   | Identified the ring "Moret" {Ice Int+2} (You acquired it on level 1 of the Lair of Beasts)
 13880 | Lair:1   | Identified the amulet "Ilunegas" {Reflect Str+3 Int+4 Dex-5 SH+2 Stlth+} (You acquired it on level 1 of the Lair of Beasts)
 14308 | Lair:2   | Reached skill level 12 in Axes
 14387 | Lair:2   | Paralysed by a hornet for 3 turns
 15166 | Lair:2   | Received a gift from Trog
 15794 | Lair:3   | Reached XP level 13. HP: 114/114 MP: 13/13
 16030 | Lair:3   | Reached skill level 13 in Axes
 16135 | Lair:3   | Noticed CanOfBees's ghost (journeyman MiBe)
 16148 | Lair:3   | Killed CanOfBees's ghost
 17129 | Lair:3   | Reached skill level 14 in Axes
 17649 | Lair:4   | Found a hole to the Spider Nest.
 17750 | Lair:4   | Found a staircase to the Shoals.
 18790 | Lair:5   | Reached skill level 1 in Staves
 18790 | Lair:5   | Reached XP level 14. HP: 125/125 MP: 14/14
 19573 | Lair:5   | Reached skill level 15 in Axes
 20062 | Lair:6   | Entered Level 6 of the Lair of Beasts
 20772 | Lair:6   | Found a snail-covered altar of Cheibriados.
 20775 | Lair:6   | Reached skill level 10 in Dodging
 20877 | Lair:6   | Received a gift from Trog
 20940 | Lair:6   | Got a sapphire executioner's axe {god gift}
 20941 | Lair:6   | Identified the +8 executioner's axe of Strategic Superiority {elec, MR++ Int+2} (Trog gifted it to you on level 6 of the Lair of Beasts)
 21517 | Lair:6   | Found a viscous altar of Jiyva.
 21517 | Lair:6   | Found a staircase to the Slime Pits.
 22071 | D:10     | Entered Level 10 of the Dungeon
 22591 | Orc:1    | Entered Level 1 of the Orcish Mines
 22705 | Orc:1    | Reached skill level 16 in Axes
 22896 | Orc:2    | Entered Level 2 of the Orcish Mines
 22901 | Orc:2    | Received a gift from Trog
 23515 | Orc:2    | Found Fibif's Antique Weapon Shop.
 23600 | Orc:2    | Found a staircase to the Elven Halls.
 23665 | Orc:2    | Noticed a stone giant
 23666 | Orc:2    | Found Baesidu's Book Shop.
 23675 | Orc:2    | Killed a stone giant
 23675 | Orc:2    | Reached XP level 15. HP: 78/134 MP: 15/15
 23917 | Orc:2    | Found Wublil's Antique Armour Shoppe.
 24117 | Orc:2    | Found a bloodstained altar of Trog.
 24126 | Orc:2    | Found Nymesmiu's General Store.
 24375 | Elf:1    | Entered Level 1 of the Elven Halls
 24395 | Elf:1    | Found a radiant altar of Vehumet.
 24730 | Elf:1    | Received a gift from Trog
 25194 | Elf:1    | Reached skill level 17 in Axes
 25709 | Elf:1    | HP: 10/204 [poisoned by a scimitar of venom]
 25710 | Elf:1    | HP: 4/136 [poisoned by a scimitar of venom]
 25775 | Elf:1    | HP: 7/204 [halberd of venom (10)]
 25776 | Elf:1    | HP: 2/204 [poisoned by a halberd of venom]
 25777 | Elf:1    | Succumbed to a halberd of venom's poison

Vault maps used:
D:1:      minmay_arrival_semitransparent, minmay_octomino_e4
D:2:      cheibrodos_helix_gallery, first_ration, nemelex_diamond_rough_becter
D:3:      minitemple, cheibrodos_sewer_entry_bend, kennysheep_slug_shrine,
          uniq_terence, uniq_jessica
D:4:      cheibrodos_thug_alley, lemuel_doored_altar, serial_shops, shop,
          kennysheep_little_box, shop, shop_statue
D:5:      kennysheep_spiral_hall, regret_index_temple_of_mockery,
          kennysheep_generic_room_2
D:6:      grunt_temple_overflow_forces_of_nature, sigmund_edmund_badplayer
D:7:      minmay_opposing_rooms, grunt_temple_overflow_gold_and_silver,
          nicolae_overflow_hidden_temple, kennysheep_mini, temple_hall
D:8:      serial_shops, shop
D:9:      david_orc_5, serial_shops, shop, uniq_erica, uniq_erolcha
D:11:     minmay_lair_entry_lava, bloody_makhleb
D:12:     hangedman_fish_farm
D:13:     serial_shops, shop, st_stairs_3
Lair:2:   kb_forest_paths
Lair:4:   elwin_shoals_entry_rocks, spider_nest_entry_rubble,
          serial_bayou_lagoon_a
Lair:5:   wad_woods_02, serial_bayou_shore_b
Lair:6:   minmay_lair_end_enchanted_forest, slime_altar_1,
          kennysheep_snail_temple
Orc:2:    grunt_orc_gardens, grunt_orc_garden, grunt_orc_garden,
          grunt_orc_garden, grunt_orc_garden, bloody_trog
Elf:1:    eino_elf_arrival_altar, kennysheep_underground_church
Sewer:    sewer_minmay_treatment

Skill      XL: |  1  2  3  4  5  6  7  8  9 10 11 12 13 14 15 |
---------------+----------------------------------------------+-----
Dodging        | 3 4 5 6 7 8 9 10 | 10.6
Fighting       | 4 5 6 7 8 9 10 11 12 13 | 13.5
Axes           | 4 5 7 8 9 11 12 14 16 17 | 17.5
Shields        | 1 2 3 4 6 8 |  8.8
Stealth        | 1 2 3 4 5 6 7 8 |  8.2
Maces & Flails | 5 8 |  8.6
Staves         | 1 |  1.8

Action                   |  1- 3 |  4- 6 |  7- 9 | 10-12 | 13-15 || total
-------------------------+-------+-------+-------+-------+-------++-------
Melee: Hand axe          |    78 |   259 |   276 |       |       ||   613
       Tailslap          |     7 |    30 |    47 |   114 |   132 ||   330
       Flail             |       |       |   101 |    92 |       ||   193
       War axe           |       |       |       |   476 |   133 ||   609
       Broad axe         |       |       |       |    49 |   283 ||   332
       Lajatang          |       |       |       |       |     9 ||     9
       Executioner's axe |       |       |       |       |   337 ||   337
Invok: Berserk           |     1 |     5 |     6 |     9 |    12 ||    33
       Trog's Hand       |       |     1 |       |     3 |     2 ||     6
       Brothers in Arms  |       |       |     1 |     4 |     3 ||     8
 Abil: Breathe Fire      |       |       |       |     1 |       ||     1
  Use: Scroll            |       |       |     9 |    15 |     9 ||    33
       Potion            |       |       |     1 |     1 |     3 ||     5
 Stab: Sleeping          |       |     5 |    12 |    16 |    25 ||    58
       Distracted        |       |       |       |     2 |     3 ||     5
  Eat: Chunk             |     1 |    13 |    15 |    25 |    36 ||    90
       Ration            |       |       |     3 |     4 |     3 ||    10
Armor: Skin              |    29 |    94 |    80 |   192 |   213 ||   608
Dodge: Dodged            |    62 |   182 |   190 |   225 |   459 ||  1118
       Deflected         |       |       |       |     4 |    15 ||    19
Block: Buckler           |    13 |    48 |    57 |    52 |       ||   170
       Large shield      |       |       |       |   261 |   132 ||   393
       Other             |       |       |       |       |   103 ||   103
       Reflection        |       |       |       |       |    11 ||    11

Table legend:
 A = Spawn XP
 B = Non-spawn XP
 C = Spawn XP percentage of total XP
 D = Spawn monster count
 E = Non-spawn monster count
 F = Spawn count percentage of total count
 G = Total turns spent on level
                    A         B        C        D         E        F      G
               +---------+---------+-------+---------+---------+-------+---------
         Total |       0 |  137117 |   0.0 |       0 |     700 |   0.0 | 25777
               +---------+---------+-------+---------+---------+-------+---------
           D:1 |       0 |      31 |   0.0 |       0 |      15 |   0.0 |   557
           D:2 |       0 |     102 |   0.0 |       0 |      16 |   0.0 |   775
           D:3 |       0 |     185 |   0.0 |       0 |      31 |   0.0 |  1007
           D:4 |       0 |     649 |   0.0 |       0 |      31 |   0.0 |  1361
           D:5 |       0 |    1486 |   0.0 |       0 |      36 |   0.0 |  1233
           D:6 |       0 |     730 |   0.0 |       0 |      14 |   0.0 |   795
           D:7 |       0 |    1836 |   0.0 |       0 |      26 |   0.0 |  1034
           D:8 |       0 |    1184 |   0.0 |       0 |      19 |   0.0 |   955
           D:9 |       0 |    5099 |   0.0 |       0 |      46 |   0.0 |   968
          D:10 |       0 |    1479 |   0.0 |       0 |      10 |   0.0 |   434
          D:11 |       0 |    5144 |   0.0 |       0 |      28 |   0.0 |  1222
          D:12 |       0 |    2698 |   0.0 |       0 |      20 |   0.0 |  1522
          D:13 |       0 |    8367 |   0.0 |       0 |      43 |   0.0 |  1508
        Lair:1 |       0 |    1239 |   0.0 |       0 |       7 |   0.0 |   618
        Lair:2 |       0 |    8164 |   0.0 |       0 |      41 |   0.0 |  1535
        Lair:3 |       0 |   18036 |   0.0 |       0 |      54 |   0.0 |  1535
        Lair:4 |       0 |    6028 |   0.0 |       0 |      16 |   0.0 |  1087
        Lair:5 |       0 |   15825 |   0.0 |       0 |      30 |   0.0 |  1719
        Lair:6 |       0 |   19230 |   0.0 |       0 |      80 |   0.0 |  1895
         Orc:1 |       0 |    2797 |   0.0 |       0 |      14 |   0.0 |   796
         Orc:2 |       0 |    8618 |   0.0 |       0 |      25 |   0.0 |   883
         Elf:1 |       0 |   27951 |   0.0 |       0 |      50 |   0.0 |  1402
         Sewer |       0 |     239 |   0.0 |       0 |      48 |   0.0 |   936
               +---------+---------+-------+---------+---------+-------+---------
